 Dungeon Crawl Stone Soup version 0.31-a0-370-g25055926c8 (webtiles) character file.

Game seed: 10284011835840093845

715 MacCMillion the Ruffian (level 7, 64/64 HPs)
             Began as a Purple Draconian Shapeshifter on July 29, 2023.
             Was an Initiate of Trog.
             Quit the game on level 5 of the Dungeon.
             The game lasted 00:07:00 (5543 turns).

MacCMillion the Ruffian (DrSh)                      Turns: 5543, Time: 00:07:01

Health: 64/64      AC:  6    Str: 20    XL:     7   Next: 41%
Magic:  7/7        EV: 12    Int:  8    God:    Trog [......]
Gold:   254        SH:  0    Dex: 11    Spells: 6/6 levels left

rFire   . .          .
                       - Unarmed
rCold   . . .        (no shield)
rNeg    . . .        (body armour unavailable)
rPois   .            (helmet currently unavailable)
rElec   .            (cloak currently unavailable)
rCorr   .            (gloves currently unavailable)
SInv    .            (boots currently unavailable)
Will    +....        (no amulet)
Stlth   +            (no ring)
HPRegen 0.30/turn    (no ring)
MPRegen 0.10/turn

%: no passive effects
@: short of breath, beast-form
A: beast (slay +2), breathe power, AC +6, unfitting armour, cold-blooded
a: Breathe Dispelling Energy, Begin Untransformation, Renounce Religion


You were on level 5 of the Dungeon.
You worshipped Trog.
Trog was noncommittal.
You were a hulking beast.
You visited 2 branches of the dungeon, and saw 6 of its levels.

You collected 254 gold pieces.

Inventory:

Missiles
 j - 6 atropa-tipped darts
 q - 10 poisoned darts
Armour
 n - a +0 cloak
Jewellery
 r - a ring of fire
Talismans
 b - a beast talisman
 k - a granite talisman
Wands
 t - a wand of flame (14)
 u - a wand of mindburst (12)
Scrolls
 e - a scroll of immolation {unknown}
 p - 2 scrolls of teleportation {unknown}
 v - a scroll of blinking {unknown}
Potions
 a - 2 potions of lignification
 c - 2 potions of curing {unknown}
 d - 2 potions of ambrosia {unknown}
 f - a potion of attraction {unknown}
 g - 2 potions of heal wounds {unknown}
 h - a potion of resistance {unknown}
 i - a potion of enlightenment {unknown}
 l - a potion of mutation {unknown}
 m - a potion of magic {unknown}
 o - 2 potions of might {unknown}
 s - 2 potions of haste {unknown}


   Skills:
 + Level 6.3 Fighting
 - Level 1.8 Dodging
 + Level 6.5 Unarmed Combat
 - Level 3.0 Shapeshifting


You had 6 spell levels left.
You didn't know any spells.
Your spell library contained the following spells:

 Spells                   Type           Power      Damage    Failure   Level
 Foxfire                  Conj/Fire      0%         2x1d4     41%         1
 Blink                    Tloc           0%         N/A       54%         2
 Poisonous Vapours        Pois/Air       0%         N/A       54%         2
 Mephitic Cloud           Conj/Pois/Air  0%         N/A       78%         3
 Freezing Cloud           Conj/Ice/Air   0%         6-21      100%        5
 Plasma Beam              Fire/Air       0%         2x1d10    100%        6
 Starburst                Conj/Fire      0%         6d3       100%        6


Dungeon Overview and Level Annotations

Branches:
Dungeon (5/15)             Temple (1/1) D:5

Altars:
Ashenzari
Dithmenos
Fedhas
Hepliaklqana
Kikubaaqudgha
Makhleb
Okawaru
Ru
Sif Muna
Trog
Vehumet
Wu Jian
Xom
Yredelemnul
Zin
The Shining One

Shops:
D:1 !

Annotations:
D:2 1 runed translucent door, Crazy Yiuf


Innate Abilities, Weirdness & Mutations

You are a hulking beast.
Your limbs bulge with bestial killing power. (Slay +2)
You can breathe bolts of dispelling energy.
Your rich purple scales are hard. (AC +6)
You cannot fit into any form of body armour.
You are cold-blooded and may be slowed by cold attacks.


Message History

You punch the iguana!
Your tail-slap misses the iguana.
The iguana is almost dead.
You hit the iguana.
The iguana is almost dead.
The iguana barely misses you.
You punch the iguana!
You kill the iguana!
Trog accepts your kill.
You see here an iguana corpse.
You start resting.
HP restored.
You now have 227 gold pieces (gained 13).
You now have 244 gold pieces (gained 17).
You now have 254 gold pieces (gained 10).
v - a scroll labelled ERRUWKU MEAW
Found a whip.
You see here a +0 whip.
Found a stone staircase leading down.
Found an escape hatch in the floor.
There is an escape hatch in the floor here.
An ogre comes into view. It is wielding a +0 giant club.
The ogre shouts!
An ogre is nearby!
An ogre is nearby!
Aiming: Breathe Dispelling Energy (5% risk of failure)
Press: ? - help, Shift-Dir - straight line, f - ogre
Aim: an ogre, wielding a +0 giant club (78% to hit)
You breathe a bolt of dispelling energy.
The bolt of dispelling energy hits the ogre!
The ogre is moderately wounded.
The ogre closely misses you.
You punch the ogre!
The ogre is severely wounded.
The ogre barely misses you.
You hit the ogre.
The ogre is almost dead.
You punch the ogre!
You kill the ogre!
Trog accepts your kill.
Are you sure you want to abandon this character and quit the game? (Confirm with "yes".)

#.....###.#.#.#
..#...#.##.#.#.#.#
..#####.##.#.#.#.#
..#...#.##.#.#.#.#
.#.....###.#.#.#.#
##...##)....#.#.#
####...#...#.#.#
.......###...#.#)#
########
#.....#h######
##..#.#......#
#...>######.#
##.### #.# #.# #.#
#.# #.# #.# #.#
#.# #.# #.# #.#


There were no monsters in sight!

Vanquished Creatures
  Menkaure (D:4)
  An ogre (D:5)
  A scorpion (D:2)
  A howler monkey (D:5)
  An orc priest (D:4)
  A jelly (D:4)
  Jessica (D:2)
  Ijyb (D:5)
  Terence (D:3)
  A sleepcap (D:4)
  3 iguanas
  Robin (D:2)
  4 gnolls
  4 adders
  2 worms
  2 dart slugs
  10 orcs
  3 ball pythons
  5 bats
  6 endoplasms
  A giant cockroach (D:3)
  6 hobgoblins (D:2)
  4 jackals
  7 kobolds
  2 quokkas (D:2)
  14 goblins
  3 rats
87 creatures vanquished.

Notes
Turn   | Place    | Note
-------+----------+-------------------------------------------
     0 | D:1      | MacCMillion the Draconian Shapeshifter began the quest for
                  | the Orb.
     0 | D:1      | Reached XP level 1. HP: 16/16 MP: 1/1
   310 | D:1      | Found Kuocueth's Distillery.
   386 | D:1      | Found a faded altar of an unknown god.
   881 | D:2      | Reached XP level 2. HP: 24/24 MP: 2/2
   945 | D:2      | Noticed Robin
   978 | D:2      | Reached XP level 3. HP: 28/30 MP: 3/3
  1006 | D:2      | Killed Robin
  1159 | D:2      | Found a runed translucent door.
  1160 | D:2      | Noticed Crazy Yiuf
  1249 | D:2      | Noticed Jessica
  1259 | D:2      | Killed Jessica
  1260 | D:2      | Reached XP level 4. HP: 10/38 MP: 4/4
  1478 | D:2      | Got Jessica's Compilation of Translocation
  2021 | D:3      | Noticed Terence
  2038 | D:3      | Noticed a scorpion
  2081 | D:2      | Killed a scorpion
  2082 | D:2      | Reached XP level 5. HP: 43/46 MP: 5/5
  2893 | D:3      | Killed Terence
  2894 | D:3      | Reached skill level 5 in Unarmed Combat
  2995 | D:3      | Identified the staff of Untimely Demise {Fly Int+4 Earth}
  3140 | D:3      | Found a shimmering altar of Xom.
  3140 | D:3      | Found an iron altar of Okawaru.
  3278 | D:4      | Noticed Menkaure
  3591 | D:4      | Killed Menkaure
  3592 | D:4      | Reached skill level 5 in Fighting
  3592 | D:4      | Reached XP level 6. HP: 31/56 MP: 6/6
  4533 | D:4      | Found a sacrificial altar of Ru.
  4755 | D:4      | Your scales start taking on a rich purple colour.
  4755 | D:4      | Reached XP level 7. HP: 56/62 MP: 7/7
  4839 | D:5      | Entered Level 5 of the Dungeon
  4839 | D:5      | Noticed Ijyb
  4861 | D:5      | Killed Ijyb
  5115 | D:5      | Found a staircase to the Ecumenical Temple.
  5161 | Temple   | Entered the Ecumenical Temple
  5235 | Temple   | Became a worshipper of Trog the Wrathful
  5543 | D:5      | Quit the game

Illustrated notes

Levels and vault maps discovered:
D:1:      dpeg_arrival_concentric_ovals, layout_basic,
          ebering_ecumenical_altar_box, serial_shops, shop
D:2:      layout_basic, kennysheep_cluttered_room, kennysheep_jessica_study,
          uniq_crazy_yiuf_cottage, uniq_robin
D:3:      layout_rooms, gammafunk_temple_overflow_elements, uniq_terence
D:4:      layout_loops_corners, mainiacjoe_overflow_paths, uniq_menkaure
D:5:      nicolae_cairo_tiling, layout_basic, minmay_temple_entry_junction,
          uniq_ijyb
Temple:   oiseaux_autumnal_temple

Skill      XL: |  1  2  3  4  5  6  7 |
---------------+----------------------+-----
Fighting       | 2 3 4 5 6 |  6.3
Unarmed Combat | 4 5 6 |  6.5
Dodging        | |  1.8
Shapeshifting  | |  3.0

Action                     |  1- 3 |  4- 6 |  7- 9 || total
---------------------------+-------+-------+-------++-------
  Melee: Unarmed           |    68 |   143 |    37 ||   248
         Tailslap          |     5 |    22 |     5 ||    32
         Punch             |       |     5 |     1 ||     6
Ability: Breathe Dispellin |       |       |     1 ||     1
   Stab: Sleeping          |       |     1 |       ||     1
 Armour: Skin              |    18 |    28 |     7 ||    53
  Dodge: Dodged            |    35 |    65 |    14 ||   114

Table legend: (Time is in decaauts)
 A = Elapsed time spent in this place.
 B = Non-inter-level travel time spent in this place.
 C = Inter-level travel time spent in this place.
 D = Time resting spent in this place.
 E = Time spent auto-exploring this place.
 F = Levels seen in this place.
 G = Mean time per level.
                   A        B        C        D        E       F      G
               +--------+--------+--------+--------+--------+-----+--------+
         Total |   5535 |   5165 |    370 |   1545 |   2951 |   6 |  922.5 |
       Dungeon |   5428 |   5102 |    326 |   1545 |   2951 |   5 | 1085.6 |
        Temple |    106 |     62 |     44 |      0 |      0 |   1 |  106.0 |
               +--------+--------+--------+--------+--------+-----+--------+

Top non-repeatable levels by time:
     D:2: 1871 daAuts
     D:4: 1250 daAuts
     D:3: 914 daAuts
     D:1: 799 daAuts
     D:5: 593 daAuts
  Temple: 106 daAuts
